Map: El Dorado

Players

AndrewTate - Winner!

  • Race: Terran Terran
  • League: Silver
  • Spawn Location: 7:00

iPlayDefense

  • Race: Terran Terran
  • League: Silver
  • Spawn Location: 5:00

VOD

Have the link to the VOD?

Description

Time

  • Played on: April 14, 2025, 10:33 p.m.
  • Length: 5:34
Show
View Real Time Build Order
Export as new Build Order

AndrewTate Terran - Winner!

Build Orders:  

Get SALT Encoding   

  12  0:04  SCV  
  13  0:16  Supply Depot  
  13  0:18  SCV  
  14  0:27  Refinery  
  14  0:30  SCV  
  15  0:46  Barracks  
  15  0:49  SCV  
  16  0:59  Supply Depot  
  16  1:02  SCV  
  17  1:14  SCV  
  18  1:20  Barracks  
  18  1:26  SCV  
  19  1:34  Refinery  
  19  1:40  SCV, Barracks Reactor  
  20  1:59  Orbital Command  
  20  2:06  Factory  
  20  2:08  Barracks Tech Lab  
  20  2:16  Marine x2  
  22  2:26  Engineering Bay  
  22  2:28  SCV  
  23  2:31  Marine  
  23  2:36  Marine  
  25  2:38  Marine  
  26  2:49  Marine  
  27  2:52  Stimpack  
  27  2:54  Marine  
  27  2:56  Marine  
  29  3:00  Terran Infantry Weapons Level 1  
  29  3:12  Supply Depot, Marine  
  30  3:13  Marine  
  31  3:20  Factory Tech Lab  
  31  3:28  Starport  
  31  3:33  Marine x3  
  34  3:51  Marine x3  
  37  4:00  Supply Depot  
  37  4:09  Marine x2  
  39  4:10  Starport Tech Lab  
  39  4:22  Siege Tank, Marine  
  43  4:24  Missile Turret  
  43  4:27  Marine x2  
  45  4:51  Starport  
  45  4:57  Supply Depot  
  45  5:00  SCV  
  45  5:06  Marine  
  47  5:15  Marine  
Show
View Real Time Build Order
Export as new Build Order

iPlayDefense Terran 

Build Orders:  

Get SALT Encoding   

  12  0:02  SCV  
  13  0:18  Supply Depot  
  13  0:43  Barracks  
  13  0:45  SCV  
  14  0:57  SCV  
  14  0:58  Refinery  
  15  1:09  SCV  
  16  1:21  SCV  
  17  1:37  Orbital Command  
  17  1:42  Barracks Reactor  
  17  1:56  Command Center  
  17  2:19  Marine x2  
  19  2:29  Refinery  
  19  2:32  SCV  
  20  2:37  Marine x2  
  20  2:42  Supply Depot  
  22  2:45  SCV  
  23  2:52  Factory  
  23  3:03  Marine x2  
  23  3:04  SCV  
  26  3:05  Supply Depot  
  26  3:16  SCV  
  27  3:23  Bunker  
  27  3:24  Orbital Command  
  27  3:28  SCV  
  28  3:34  Marine x2  
  30  3:41  Supply Depot  
  30  3:51  Factory Tech Lab  
  30  3:52  Marine x2  
  32  3:59  SCV x2  
  34  4:09  Supply Depot  
  34  4:10  Marine x2  
  34  4:11  SCV x2  
  34  4:15  Siege Tank  
  41  4:48  Command Center  
  41  4:49  Barracks  
  41  4:51  Barracks  
  41  4:59  Siege Tank  
  44  5:06  SCV x2  
  46  5:12  Supply Depot  
  46  5:18  SCV  
Tags
 
Matchup
TvT
Race
Terran
Replay Pack
DaveSC2
Spawn Locations
Close Positions
Add a new tag
Caveats
  • Supply blocks, unpowered buildings, or Contaminate may cause inaccurate times.
  • Supply counts are checked every 10 seconds.